 Dungeon Crawl Stone Soup version 0.31-a0-267-g3fc6992b3b (webtiles) character file.

Game seed: 9212126615829848496

497 qw the Shooter (level 6, -4/57 HPs)
             Began as a Minotaur Hexslinger on July 14, 2023.
             Slain by Duvessa
             ... wielding a +0 short sword
              (10 damage)
             ... on level 4 of the Dungeon.
             The game lasted 00:00:58 (2757 turns).

qw the Shooter (Minotaur Hexslinger)                Turns: 2757, Time: 00:00:59

Health: -4/57      AC:  5    Str: 12    XL:     6   Next: 93%
Magic:  6/6        EV: 11    Int: 10    God:
Gold:   197        SH:  0    Dex: 15    Spells: 6/7 levels left

rFire   . . .        Y - +2 sling
rCold   . . .        (no shield)
rNeg    . . .        b - +0 ring mail
rPois   .            (helmet restricted)
rElec   .            (no cloak)
rCorr   .            (no gloves)
SInv    +            (no boots)
Will    .....        (no amulet)
Stlth   +            c - ring of see invisible
HPRegen 0.29/turn    (no ring)
MPRegen 0.10/turn

%: no passive effects
@: no status effects
A: horns 2, retaliatory headbutt
a: no special abilities


You were on level 4 of the Dungeon.
You visited 1 branch of the dungeon, and saw 4 of its levels.

You collected 197 gold pieces.


Innate Abilities, Weirdness & Mutations

You have a pair of horns on your head.
You reflexively headbutt those who attack you in melee.


   Skills:
 - Level 5.7 Fighting
 + Level 6.2 Ranged Weapons
 - Level 1.2 Armour
 - Level 2.1 Dodging
 - Level 1.0 Spellcasting
 - Level 2.0 Hexes


You had 6 spell levels left.
You knew the following spells:

 Your Spells              Type           Power      Damage    Failure   Level
a - Slow                  Hex            16%        N/A       34%         1

Your spell library contained the following spells:

 Spells                   Type           Power      Damage    Failure   Level
 Inner Flame              Hex/Fire       2%         N/A       83%         3
 Portal Projectile        Hex/Tloc       4%         N/A       83%         3
 Cause Fear               Hex            2%         N/A       98%         4

Inventory:

Hand Weapons
 Y - a +2 sling (weapon)
Armour
 b - a +0 ring mail (worn)
 m - a +0 cloak
Jewellery
 c - a ring of see invisible (left hand)
Scrolls
 a - a scroll of identify
Potions
 d - a potion of might {unknown}
 e - a potion of enlightenment {unknown}
 f - a potion of heal wounds {unknown}
 g - a potion of brilliance {unknown}
 h - a potion of attraction {unknown}
 i - 2 potions of curing
 j - a potion of degeneration {unknown}
 k - a potion of lignification {unknown}
 l - a potion of haste {unknown}

Dungeon Overview and Level Annotations

Branches:
Dungeon (4/15)
 Temple: D:4-7

Altars:
Wu Jian

Shops:
D:3 =

Annotations:
D:3 1 runed translucent door, Crazy Yiuf
D:4 Dowan, Duvessa


Message History

Dowan is moderately wounded.
You shoot a sling bullet. The sling bullet hits Duvessa.
Duvessa is lightly wounded.
You shoot a sling bullet. The sling bullet barely misses Duvessa.
Duvessa closely misses you. You furiously retaliate!
You headbutt Duvessa. You shoot a sling bullet.
The sling bullet closely misses Dowan.
Dowan barely misses you. Duvessa hits you with a +0 short sword.
Dowan points at you and mumbles some strange words.
The puff of frost hits you. Duvessa hits you with a +0 short sword.
You shoot a sling bullet. The sling bullet hits Dowan.
Dowan is moderately wounded.
Duvessa says, "When magic and the sword combine, nothing stands against them."
Duvessa hits you with a +0 short sword! Dowan hits you but does no damage.
You shoot a sling bullet. The sling bullet hits Dowan.
Dowan is heavily wounded.
Dowan barely misses you. Duvessa misses you.
You shoot a sling bullet. The sling bullet closely misses Dowan.
Dowan hits you with a +0 dagger. Duvessa barely misses you.
You shoot a sling bullet. The sling bullet hits Dowan.
Dowan is severely wounded.
Dowan gestures at you while chanting. You resist with some effort.
Duvessa hits you with a +0 short sword.
You shoot a sling bullet. The sling bullet closely misses Dowan.
Dowan says, "There's a certain beauty in death, don't you think?"
Dowan hits you but does no damage. Duvessa hits you with a +0 short sword!
Dowan hits you with a +0 dagger. Duvessa hits you with a +0 short sword.
You shoot a sling bullet. The sling bullet closely misses Dowan.
Duvessa hits you with a +0 short sword. Dowan misses you.
You furiously retaliate!
You headbutt Dowan! You shoot a sling bullet.
The sling bullet closely misses Dowan.
Duvessa hits you but does no damage. Dowan hits you with a +0 dagger.
You shoot a sling bullet. The sling bullet misses Dowan.
Dowan casts a spell.
Dowan blinks!
Duvessa hits you with a +0 short sword.
You shoot a sling bullet. The sling bullet barely misses Duvessa.
Duvessa closely misses you. Duvessa barely misses you. You furiously retaliate!
You headbutt Duvessa. You shoot a sling bullet.
The sling bullet barely misses Duvessa.
Duvessa hits you with a +0 short sword!
You die...

##.......................#
#...#....................#
#...+....................#
#...#....................#
#...#....................#
###.#....................#
########......##+##%....#
#......'......#...#%....#
+......#.....@'...#.....#
#......#.....e#e..#.....#
##+#####......# ..#.....##
#)....###### .##.....#
#.....# .#.....# #.....#
#.....# #.....# #.....#
#.....# #.....+
#.....#+#########.....#


You could see Duvessa and Dowan.

Vanquished Creatures
  Grinder (D:4)
  Sigmund (D:3)
  Natasha (thrice) (D:3)
  2 adders
  3 worms
  2 dart slugs
  3 orcs (D:3)
  7 ball pythons
  9 endoplasms
  A giant cockroach (D:1)
  4 goblins
  A hobgoblin (D:1)
  A jackal (D:2)
  4 kobolds
  A quokka (D:3)
  9 bats
  3 frilled lizards
  2 rats
57 creatures vanquished.

Notes
Turn   | Place    | Note
-------+----------+-------------------------------------------
     0 | D:1      | qw the Minotaur Hexslinger began the quest for the Orb.
     0 | D:1      | Reached XP level 1. HP: 16/16 MP: 1/1
     0 | D:1      | 0 ||| qw: Version: 0.3-a-52-g30416fa
     0 | D:1      | 0 ||| qw: Game counter: 7791
     0 | D:1      | 0 ||| qw: Melee chars always use a shield: true
     0 | D:1      | 0 ||| qw: God list: Okawaru
     0 | D:1      | 0 ||| qw: Allow faded altars: false
     0 | D:1      | 0 ||| qw: Do Orc after clearing Dungeon:15 true
     0 | D:1      | 0 ||| qw: Do second Lair branch before Depths: true
     0 | D:1      | 0 ||| qw: Lair rune preference: random
     0 | D:1      | 0 ||| qw: Goals: Normal
     0 | D:1      | 0 ||| PLANNING D:1-11
   337 | D:1      | Reached skill level 3 in Ranged Weapons
   337 | D:1      | Reached XP level 2. HP: 23/23 MP: 2/2
   787 | D:1      | 787 ||| UPGRADING to +0 leather armour.
   797 | D:1      | 797 ||| DROPPING +0 robe.
   798 | D:1      | 798 ||| DROPPING ring of wizardry.
   799 | D:1      | 799 ||| READING 2 scrolls labelled JADIFU SOEFICW.
   800 | D:1      | 800 ||| READING scroll labelled OTOSI MY YTS.
   801 | D:1      | 801 ||| DROPPING scroll of poison.
   925 | D:2      | Reached XP level 3. HP: 29/29 MP: 3/3
  1165 | D:2      | Reached skill level 4 in Ranged Weapons
  1396 | D:2      | 1396 ||| UPGRADING to +0 ring mail.
  1406 | D:2      | 1406 ||| DROPPING +0 leather armour.
  1407 | D:2      | 1407 ||| DROPPING +6 ring of intelligence.
  1408 | D:2      | 1408 ||| READING scroll labelled NITHRA ATAAWN.
  1509 | D:2      | 1509 ||| READING scroll labelled LARCHE LOSEBESA.
  1510 | D:2      | 1510 ||| DRINKING 2 fizzy emerald potions.
  1551 | D:3      | Reached skill level 1 in Armour
  1558 | D:3      | Reached XP level 4. HP: 24/36 MP: 4/4
  1632 | D:3      | Noticed Sigmund
  1646 | D:3      | Killed Sigmund
  1647 | D:3      | Reached skill level 6 in Ranged Weapons
  1647 | D:3      | Reached XP level 5. HP: 16/41 MP: 5/5
  1786 | D:3      | Found Xiyneir's Jewellery Boutique.
  1797 | D:3      | 1797 ||| SHOPLISTING +4 ring of protection (432 gold, have
                  | 143).
  1797 | D:3      | 1797 ||| SHOPLISTING amulet of faith (480 gold, have 143).
  1797 | D:3      | 1797 ||| SHOPLISTING amulet of reflection (360 gold, have
                  | 143).
  1797 | D:3      | 1797 ||| SHOPLISTING ring "Gurob" {Drain rF+ rC+ Str+3
                  | Dex+6} (692 gold, have 143).
  1797 | D:3      | 1797 ||| SHOPLISTING ring of ice (300 gold, have 143).
  1797 | D:3      | 1797 ||| SHOPLISTING ring of poison resistance (240 gold,
                  | have 143).
  1797 | D:3      | 1797 ||| SHOPLISTING ring of see invisible (180 gold, have
                  | 143).
  1823 | D:3      | Noticed Natasha
  1830 | D:3      | Killed Natasha
  2052 | D:3      | Noticed Natasha
  2062 | D:3      | Killed Natasha
  2063 | D:3      | Reached skill level 3 in Fighting
  2063 | D:3      | Reached XP level 6. HP: 24/51 MP: 6/6
  2270 | D:3      | Noticed Natasha
  2281 | D:3      | Killed Natasha
  2402 | D:3      | Found a runed translucent door.
  2403 | D:3      | Noticed Crazy Yiuf
  2492 | D:3      | Found an ornate altar of the Wu Jian Council.
  2557 | D:3      | 2557 ||| UPGRADING to ring of see invisible.
  2558 | D:3      | 2558 ||| READING scroll labelled SITSYV NETA.
  2635 | D:4      | Noticed Grinder
  2648 | D:4      | Killed Grinder
  2743 | D:4      | Noticed Duvessa
  2743 | D:4      | Noticed Dowan
  2753 | D:4      | HP: 13/57 [Duvessa/+0 short sword (6)]
  2755 | D:4      | HP: 6/57 [Duvessa/+0 short sword (4)]
  2757 | D:4      | Slain by Duvessa

Levels and vault maps discovered:
D:1:      lightli_molten_gateway, layout_loops_ring, minmay_fountain_box,
          nicolae_wormholes
D:2:      layout_rooms, kennysheep_potato
D:3:      layout_rooms, nzn_wu_jian_contemplation, serial_shops,
          nicolae_lakefront_shop, uniq_natasha, uniq_crazy_yiuf_cottage,
          uniq_sigmund
D:4:      layout_gridville, nicolae_qazlal_general_emergency,
          doesnt_xom_only_xom, temple_green, ebering_ghost_rock_garden,
          nicolae_shop_distant_corner_stores, serial_bayou_pond_e, uniq_grinder,
          uniq_duvessa, uniq_edmund

Skill      XL: |  1  2  3  4  5  6 |
---------------+-------------------+-----
Ranged Weapons | 3 4 6 |  6.2
Fighting       | 2 3 5 |  5.7
Armour         | 1 |  1.2
Dodging        | |  2.1
Spellcasting   | |  1.0
Hexes          | |  2.0

Action                     |  1- 3 |  4- 6 || total
---------------------------+-------+-------++-------
   Fire: Sling             |   109 |   119 ||   228
    Use: Scroll            |     4 |     1 ||     5
         Potion            |     1 |       ||     1
 Armour: Ring mail         |     3 |    20 ||    23
         Leather armour    |     3 |       ||     3
  Dodge: Dodged            |    15 |    37 ||    52

Table legend:
 A = Non-vault XP
 B = Vault XP
 C = Vault XP percentage of total XP
 D = Non-vault monster count
 E = Vault monster count
 F = Vault count percentage of total count
                 A         B        C        D         E       F
            +---------+---------+-------+---------+---------+-------
      Total |     175 |     536 |  75.4 |      51 |       6 |  10.5
            +---------+---------+-------+---------+---------+-------
        D:1 |      25 |       5 |  16.7 |      13 |       1 |   7.1
        D:2 |      30 |      15 |  33.3 |      17 |       2 |  10.5
        D:3 |     114 |     249 |  68.6 |      19 |       2 |   9.5
        D:4 |       6 |     267 |  97.8 |       2 |       1 |  33.3
            +---------+---------+-------+---------+---------+-------
